 Dungeon Crawl Stone Soup version 0.28-a0-1159-g27aa881441 (webtiles) character file.

Game seed: 6090553792306494388

308 ChaosChampion the Insei (level 6, -2/38 HPs)
             Began as an Octopode Transmuter on Dec 15, 2021.
             Slain by a scorpion (6 damage)
             ... on level 6 of the Dungeon.
             The game lasted 00:08:16 (5316 turns).

ChaosChampion the Insei (Octopode Transmuter)       Turns: 5316, Time: 00:08:17

Health: -2/38      AC:  1    Str:  9    XL:     6   Next: 40%
Magic:  7/9        EV: 13    Int: 18    God:
Gold:   147        SH:  0    Dex: 12    Spells: 3/9 levels left

rFire   + . .      SeeInvis .     - Unarmed
rCold   . . .      Faith    .   (no shield)
rNeg    . . .      Spirit   .   (helmet restricted)
rPois   +          Reflect  .   (no amulet)
rElec   .          Harm     .   f - ring of poison resistance
rCorr   .          Rampage  .   m - ring of protection from fire
Will    .....                   (no ring)
Stlth   ++........              (no ring)
HPRegen 0.12/turn               (no ring)
MPRegen 0.11/turn               (no ring)
                                (no ring)
                                (no ring)

@: no status effects
A: almost no armour, amphibious, 8 rings, camouflage 1, gelatinous body 1,
(nimble swimmer 1), tentacles
a: no special abilities


You were on level 6 of the Dungeon.
You visited 1 branch of the dungeon, and saw 5 of its levels.

You collected 147 gold pieces.

Inventory:

Armour
 p - a +2 pair of boots
Jewellery
 f - a ring of poison resistance (left tentacle)
 m - a ring of protection from fire (right tentacle)
Wands
 q - a wand of flame (22) (quivered)
Scrolls
 a - a scroll of identify
 b - 2 scrolls of fear {unknown}
Potions
 c - a potion of degeneration {unknown}
 d - 3 potions of lignification
 e - a potion of berserk rage {unknown}
 h - 2 potions of brilliance
 j - a potion of magic
 l - a potion of invisibility {unknown}
 o - a potion of flight


   Skills:
 - Level 1.0 Fighting
 - Level 2.0 Dodging
 * Level 5.2 Unarmed Combat
 - Level 2.0 Spellcasting
 + Level 3.4 Transmutations
 - Level 4.0 Poison Magic


You had 3 spell levels left.
You knew the following spells:

 Your Spells              Type           Power      Damage    Failure   Level
a - Beastly Appendage     Tmut           28%        N/A       4%          1
b - Wereblood             Tmut           14%        N/A       7%          2
c - Spider Form           Tmut/Pois      15%        N/A       12%         3

Your spell library contained the following spells:

 Spells                   Type           Power      Damage    Failure   Level
 Sting                    Tmut/Pois      60%        1d6       4%          1
 Poisonous Vapours        Pois/Air       18%        N/A       12%         2
 Olgreb's Toxic Radiance  Pois           16%        N/A       34%         4
 Ice Form                 Ice/Tmut       8%         N/A       65%         4


Dungeon Overview and Level Annotations

Branches:
Dungeon (4/15)
 Temple: D:4-7

Altars:
Xom

Shops:
D:1 *


Innate Abilities, Weirdness & Mutations

You cannot wear most types of armour.
You are amphibious.
You can wear up to eight rings at the same time.
Your skin changes colour to match your surroundings (Stealth+).
Your rubbery body absorbs attacks. (AC +1, EV +1)
((You are camouflaged near water. (Stealth+)))
You have tentacles for arms and can constrict up to eight enemies at once.


Message History

The orc priest looks encouraged for a moment.
You see here an adder corpse.
The orc priest looks encouraged for a moment.
The orc priest calls upon Beogh to heal the orc priest.
The orc priest is healed somewhat.
Your transformation is almost over.
Your surroundings suddenly seem different.
Found 3 gold pieces and 13 sling bullets.
You start resting.
A sourceless malevolence fills the Dungeon...
You fall into a shaft and drop 2 floors!
The shaft crumbles and collapses.
A necrophage and a skeleton come into view.
Found 21 stones and a weird smoking staff.
Found a stone staircase leading down.
Found a scroll labelled QEKLOE ZEYKLI.
A water moccasin skeleton comes into view.
The bullfrog skeleton closely misses you.
Your transformation has ended.
A scorpion comes into view.
Found a potion of curing.
The bullfrog skeleton closely misses you.
Your primal bloodlust is almost over.
The scorpion stings you.
* * * LOW HITPOINT WARNING * * *
The scorpion closely misses you.
The bullfrog skeleton hits you but does no damage.
The bullfrog skeleton hits you.
* * * LOW HITPOINT WARNING * * *
2 orcs come into view.
Found an escape hatch in the ceiling.
Your primal bloodlust has ended.
An orc and an orc warrior come into view.
The orc shouts! x2
A wight comes into view. It is wielding a +4 dagger.
The scorpion closely misses you.
The orc warrior throws a boomerang.
The boomerang barely misses you.
The scorpion stings you but does no damage.
The scorpion stings you.
You die...

##.. #.####.#.#............
#....##...##................
#....o...Z#......##.........
...#..###.........##.........
.#.......##................
..<........##....##.....##..
.##........Z..Z....>...## . .
##......o..o.........#
#......oznos@.......#
#....###.#.........## #.....#
###.......... #.#....
##........# ###... .#######.#
#.. .. # .. ###


You could see an orc warrior, a necrophage, a scorpion, a wight, 3 orcs, a water
moccasin skeleton and a bullfrog skeleton.

Vanquished Creatures
  An orc priest (D:4)
  Natasha (thrice) (D:3)
  A hound skeleton (D:4)
  A hound zombie (D:3)
  A gnoll (D:2)
  7 adders
  2 worms (D:2)
  7 dart slugs
  7 orcs
  6 ball pythons
  5 bats
  4 endoplasms
  A giant cockroach (D:3)
  10 goblins
  5 hobgoblins
  8 jackals
  5 kobolds (D:2)
  4 quokkas
  3 frilled lizards
  4 rats (D:2)
85 creatures vanquished.

Notes
Turn   | Place    | Note
-------+----------+-------------------------------------------
     0 | D:1      | ChaosChampion the Octopode Transmuter began the quest for
                  | the Orb.
     0 | D:1      | Reached XP level 1. HP: 13/13 MP: 3/3
    75 | D:1      | Reached XP level 2. HP: 13/18 MP: 5/5
   820 | D:1      | Found Acaosch's Assorted Antiques.
  1156 | D:1      | Learned a level 2 spell: Wereblood
  1233 | D:2      | Found a shimmering altar of Xom.
  1266 | D:2      | Reached XP level 3. HP: 19/23 MP: 1/6
  1393 | D:2      | Reached skill level 4 in Unarmed Combat
  1724 | D:2      | Learned a level 3 spell: Spider Form
  1750 | D:2      | Reached skill level 1 in Poison Magic
  1844 | D:2      | Reached XP level 4. HP: 19/28 MP: 3/7
  3086 | D:3      | Noticed Natasha
  3093 | D:3      | Killed Natasha
  3094 | D:3      | Reached XP level 5. HP: 33/33 MP: 2/8
  3987 | D:3      | Noticed Natasha
  4000 | D:3      | Killed Natasha
  4258 | D:3      | Noticed Natasha
  4265 | D:3      | Killed Natasha
  4423 | D:3      | Reached XP level 6. HP: 34/38 MP: 3/9
  4940 | D:4      | Reached skill level 5 in Unarmed Combat
  5272 | D:4      | Identified the +8 hand axe of Watchfulness {vorpal, Dex+2
                  | Stlth+}
  5287 | D:4      | You fall into a shaft and drop 2 floors!
  5287 | D:6      | Noticed a necrophage
  5307 | D:6      | Noticed an orc warrior
  5316 | D:6      | Slain by a scorpion

Illustrated notes

Levels and vault maps discovered:
D:1:      dpeg_arrival_rooms_b, layout_basic,
          dreamdust_ecumenical_altar_hidden_monk_grotto, serial_shops,
          nicolae_shop_hallway_plus
D:2:      layout_loops_corners, basic_altar
D:3:      kb_forest_paths, layout_basic, uniq_natasha
D:4:      layout_rooms, hangedman_decor_riveting
D:6:      layout_cave_pools, mainiacjoe_overflow_alcove_1,
          minmay_temple_entry_enclosed_plants, uniq_blork_the_orc

Skill      XL: |  1  2  3  4  5  6 |
---------------+-------------------+-----
Unarmed Combat | 4 5 |  5.2
Poison Magic   | 1 3 4 |  4.0
Transmutations | 3 |  3.4
Fighting       | |  1.0
Dodging        | |  2.0
Spellcasting   | |  2.0

Action                   |  1- 3 |  4- 6 || total
-------------------------+-------+-------++-------
Melee: Unarmed           |    63 |   152 ||   215
       Constrict         |    16 |    16 ||    32
       Kick              |    16 |    10 ||    26
       Tentacles         |     6 |     5 ||    11
       Punch             |       |     2 ||     2
 Cast: Beastly Appendage |    17 |    11 ||    28
       Wereblood         |     8 |    21 ||    29
       Spider Form       |     1 |    15 ||    16
Evoke: Wand              |       |     1 ||     1
  Use: Scroll            |       |     8 ||     8
       Potion            |       |     2 ||     2
 Stab: Sleeping          |     2 |     4 ||     6
Armor: Skin              |     4 |    17 ||    21
Dodge: Dodged            |    40 |   184 ||   224

Table legend: (Time is in decaauts)
 A = Elapsed time spent in this place.
 B = Non-inter-level travel time spent in this place.
 C = Inter-level travel time spent in this place.
 D = Time resting spent in this place.
 E = Time spent auto-exploring this place.
 F = Levels seen in this place.
 G = Mean time per level.
                   A        B        C        D        E       F      G
               +--------+--------+--------+--------+--------+-----+--------+
         Total |   5323 |   5033 |    290 |    506 |   3675 |   5 | 1064.6 |
       Dungeon |   5323 |   5033 |    290 |    506 |   3675 |   5 | 1064.6 |
               +--------+--------+--------+--------+--------+-----+--------+

Top non-repeatable levels by time:
     D:3: 1999 daAuts
     D:2: 1905 daAuts
     D:1: 1298 daAuts
     D:4: 91 daAuts
     D:6: 28 daAuts
